Workbook

Sheet Participants
A1: Participants
A3: Please enter the names of the participants in this tab and their distinguishing characteristics
Y6: Type organisatie | AD6: methode uurtarief | AG6: BTW
Y7: kennisinstellling - econ. activiteiten | AD7: Integrale Kosten Systematiek | AG7: kosten inclusief BTW
A8: Participant | B8: Name | C8: Type of organisation | D8: Chamber of Commerce no. | E8: Method hourly rate | H8: Type of organisation | M8: Method hourly rate | Y8: kennisinstellling - niet econ. activiteiten | AD8: Loonkosten plus 50% | AG8: kosten exclusief BTW
A9: coordinator | H9: Choose between | M9: Choose between
A10: participant 1 | H10: * Knowledge institute - economic activities | M10: * IKS
A11: participant 2 | H11: * Knowledge institute - non economic activities | M11: * Salary plus 50% overhead
A12: participant 3 | H12: * Large company | M12: * flat rate of € 60
A13: participant 4 | H13: * SME | M13: * no subsidy receiver
A14: participant 5 | H14: * ANBI | M14: * WR tariff
A15: participant 6 | H15: * Government | M15: * TO2 tariff
A16: participant 7 | H16: * other
A17: participant 8
A18: participant 9
A19: participant 10
A20: participant 11
A21: participant 12
A22: participant 13
A25: Attention | B25: All costs are entered exclusive of VAT in this budget
B26: Partues that cannot settle the VAT with the taks authorities and who apply for a PPS Grand can still add this
B27: VAT to the final budget associated with the Consortium Agreement

Sheet summary of costs
A1: Summary of costs and financing
A2: You can copy this table into the project proposal.
A3: Note: total costs and total funding are equal
A4: This table is filled automatically from the other tabs. You do not have to fill in anything, please do not change anything.
A6: Costs | F6: 2024 | G6: 2025 | H6: 2026 | I6: 2027 | J6: total
F7: in €
A8: Costs knowledge institutes (from Table 2a) | F8: ='2a Costs research institutes'!D44 -> 0 | G8: ='2a Costs research institutes'!E44 -> 0 | H8: ='2a Costs research institutes'!F44 -> 0 | I8: ='2a Costs research institutes'!G44 -> 0 | J8: =SUM(F8:I8) -> 0
A9: Costs other Partners (from Table 2b) | F9: ='2b costs other partners'!D44 -> 0 | G9: ='2b costs other partners'!E44 -> 0 | H9: ='2b costs other partners'!F44 -> 0 | I9: ='2b costs other partners'!G44 -> 0 | J9: =SUM(F9:I9) -> 0
A10: Total Costs | F10: =SUM(F8:F9) -> 0 | G10: =SUM(G8:G9) -> 0 | H10: =SUM(H8:H9) -> 0 | I10: =SUM(I8:I9) -> 0 | J10: =SUM(J8:J9) -> 0
A12: Financing | K12: Checks
A13: Co-financing | F13: =F6 -> 2024 | G13: =G6 -> 2025 | H13: =H6 -> 2026 | I13: =I6 -> 2027 | J13: total
A14: In-kind contribution private partners (from Table 3a) | F14: ='3a in kind private partners'!C44 -> 0 | G14: ='3a in kind private partners'!D44 -> 0 | H14: ='3a in kind private partners'!E44 -> 0 | I14: ='3a in kind private partners'!F44 -> 0 | J14: =SUM(F14:I14) -> 0
A15: In-kind contribution other partners (from Table 3b) | F15: ='3b in kind reseacrh inst'!C44 -> 0 | G15: ='3b in kind reseacrh inst'!D44 -> 0 | H15: ='3b in kind reseacrh inst'!E44 -> 0 | I15: ='3b in kind reseacrh inst'!F44 -> 0 | J15: =SUM(F15:I15) -> 0
A16: Cash contribution private partners (from Table 3c) | F16: ='3c private cash contribution'!D13 -> 0 | G16: ='3c private cash contribution'!E13 -> 0 | H16: ='3c private cash contribution'!F13 -> 0 | I16: ='3c private cash contribution'!G13 -> 0 | J16: =SUM(F16:I16) -> 0 | K16: Green: Meets the minimum 5% private cash requirement; red does not meet this requirements. Find more private cash
A17: Cash contribution public partners (from Table 3d) | F17: ='3d public cash contribution '!D13 -> 0 | G17: ='3d public cash contribution '!E13 -> 0 | H17: ='3d public cash contribution '!F13 -> 0 | I17: ='3d public cash contribution '!G13 -> 0 | J17: =SUM(F17:I17) -> 0 | K17: =J15+J17/J10 -> #DIV/0! | L17: =Percentage of public co-financing. Note: maximum permitted percentage depends on financing variant (see text PPS call)
A18: Total co-financing | F18: =SUM(F14:F17) -> 0 | G18: =SUM(G14:G17) -> 0 | H18: =SUM(H14:H17) -> 0 | I18: =SUM(I14:I17) -> 0 | J18: =SUM(F18:I18) -> 0
A20: Requested public contribution | F20: =F13 -> 2024 | G20: =G13 -> 2025 | H20: =H13 -> 2026 | I20: =I13 -> 2027 | J20: total
A21: WR capacity requested or TO2 contribution (Table 3e) | F21: ='3e public contribution requeste'!D12 -> 0 | G21: ='3e public contribution requeste'!E12 -> 0 | H21: ='3e public contribution requeste'!F12 -> 0 | I21: ='3e public contribution requeste'!G12 -> 0 | J21: =SUM(F21:I21) -> 0
A22: PPP grant requested (from Table 3e) | F22: ='3e public contribution requeste'!D22 -> 0 | G22: ='3e public contribution requeste'!E22 -> 0 | H22: ='3e public contribution requeste'!F22 -> 0 | I22: ='3e public contribution requeste'!G22 -> 0 | J22: =SUM(F22:I22) -> 0
A23: Total public contribution requested | F23: =SUM(F21:F22) -> 0 | G23: =SUM(G21:G22) -> 0 | H23: =SUM(H21:H22) -> 0 | I23: =SUM(I21:I22) -> 0 | J23: =SUM(F23:I23) -> 0 | K23: =J23/J10 -> #DIV/0! | L23: =Percentage of public contribution. Note: Maximaal permitted percentage depends on financing variant (see text PPS-call).
A25: Total cash in the project | J25: =J16+J17+J23 -> 0 | K25: Green: Meets the 75% cash contribution requirement; red: Does not meet the 75% cash contribution. Replace in kind with cash
A27: Total financing | F27: =F18+F23 -> 0 | G27: =G18+G23 -> 0 | H27: =H18+H23 -> 0 | I27: =I18+I23 -> 0 | J27: =J18+J23 -> 0 | K27: Green: Costst and revenues are equal; red: Costs and revenues are not equal. Check in kind or cash

Sheet 2a Costs research institutes
A1: Table 2a Research institutes project budget
A2: Enter the project costs in this table. Specify the costs of the research institutes in euros
A3: and make a distinction between staffing costs, other costs and investment costs.
A4: Only fill in the white fields. If you want to add rows, please place your cursor on the last line of the category and add a line above it.
D8: Costs in € and EXCLUSIVE VAT
D9: ='summary of costs'!F6 -> 2024 | E9: ='summary of costs'!G6 -> 2025 | F9: ='summary of costs'!H6 -> 2026 | G9: ='summary of costs'!I6 -> 2027 | H9: Total
B10: Staffing costs | D10: in K€
B11: Research institute | C11: Job title of staff member | D11: Costs | E11: Costs | F11: Costs | G11: Costs | H11: Total
D12: 0 | E12: 0 | F12: 0 | G12: 0 | H12: =SUM(D12:G12) -> 0
D13: 0 | E13: 0 | F13: 0 | G13: 0 | H13: =SUM(D13:G13) -> 0
D14: 0 | E14: 0 | F14: 0 | G14: 0 | H14: =SUM(D14:G14) -> 0
D15: 0 | E15: 0 | F15: 0 | G15: 0 | H15: =SUM(D15:G15) -> 0
D16: 0 | E16: 0 | F16: 0 | G16: 0 | H16: =SUM(D16:G16) -> 0
D17: 0 | E17: 0 | F17: 0 | G17: 0 | H17: =SUM(D17:G17) -> 0
D18: 0 | E18: 0 | F18: 0 | G18: 0 | H18: =SUM(D18:G18) -> 0
D19: 0 | E19: 0 | F19: 0 | G19: =-G190 -> 0 | H19: =SUM(D19:G19) -> 0
D20: 0 | E20: 0 | F20: 0 | G20: 0 | H20: =SUM(D20:G20) -> 0
B21: Total staff costs | D21: =SUM(D12:D20) -> 0 | E21: =SUM(E12:E20) -> 0 | F21: =SUM(F12:F20) -> 0 | G21: =SUM(G12:G20) -> 0 | H21: =SUM(H12:H20) -> 0
B22: Investments based on depreciation and direct relation to project
B23: Research institute | C23: Description | D23: =D9 -> 2024 | E23: =E9 -> 2025 | F23: =F9 -> 2026 | G23: =G9 -> 2027
D24: 0 | E24: 0 | F24: 0 | G24: 0 | H24: =SUM(D24:G24) -> 0
H25: =SUM(D25:G25) -> 0
H26: =SUM(D26:G26) -> 0
B27: Total investment | D27: =SUM(D24:D26) -> 0 | E27: =SUM(E24:E26) -> 0 | F27: =SUM(F24:F26) -> 0 | G27: =SUM(G24:G26) -> 0 | H27: =SUM(H24:H26) -> 0
B28: Other costs
B29: Research institute | C29: Description | D29: =D23 -> 2024 | E29: =E23 -> 2025 | F29: =F23 -> 2026 | G29: =G23 -> 2027
D30: 0 | E30: 0 | F30: 0 | G30: 0 | H30: =SUM(D30:G30) -> 0
H31: =SUM(D31:G31) -> 0
H32: =SUM(D32:G32) -> 0
H33: =SUM(D33:G33) -> 0
H34: =SUM(D34:G34) -> 0
H35: =SUM(D35:G35) -> 0
H36: =SUM(D36:G36) -> 0
H37: =SUM(D37:G37) -> 0
H38: =SUM(D38:G38) -> 0
H39: =SUM(D39:G39) -> 0
H40: =SUM(D40:G40) -> 0
H41: =SUM(D41:G41) -> 0
B42: Total other costs | D42: =SUM(D30:D41) -> 0 | E42: =SUM(E30:E41) -> 0 | F42: =SUM(F30:F41) -> 0 | G42: =SUM(G30:G41) -> 0 | H42: =SUM(H30:H41) -> 0
B44: Total Costs | D44: =D21+D27+D42 -> 0 | E44: =E21+E27+E42 -> 0 | F44: =F21+F27+F42 -> 0 | G44: =G21+G27+G42 -> 0 | H44: =SUM(H21+H27+H42) -> 0

Sheet 2b costs other partners
A1: Table 2b Project budget other partners
A2: Enter the project costs of the other partners in this table. Specify the costs in euros
A3: and make a distinction between staffing costs, other costs and investment costs.
D8: Costs in € and EXCLUSIEF VAT
D9: ='summary of costs'!F6 -> 2024 | E9: ='summary of costs'!G6 -> 2025 | F9: ='summary of costs'!H6 -> 2026 | G9: ='summary of costs'!I6 -> 2027 | H9: Total
B10: Staffing costs | D10: in k €
B11: Partner | C11: Job title of staff member | D11: costst | E11: costst | F11: costst | G11: costst | H11: Total
D12: 0 | E12: 0 | F12: 0 | G12: 0 | H12: =SUM(D12:G12) -> 0
D13: 0 | E13: 0 | F13: 0 | G13: 0 | H13: =SUM(D13:G13) -> 0
D14: 0 | E14: 0 | F14: 0 | G14: 0 | H14: =SUM(D14:G14) -> 0
D15: 0 | E15: 0 | F15: 0 | G15: 0 | H15: =SUM(D15:G15) -> 0
D16: 0 | E16: 0 | F16: 0 | G16: 0 | H16: =SUM(D16:G16) -> 0
D17: 0 | E17: 0 | F17: 0 | G17: 0 | H17: =SUM(D17:G17) -> 0
D18: 0 | E18: 0 | F18: 0 | G18: 0 | H18: =SUM(D18:G18) -> 0
D19: 0 | E19: 0 | F19: 0 | G19: 0 | H19: =SUM(D19:G19) -> 0
D20: 0 | E20: 0 | F20: 0 | G20: 0 | H20: =SUM(D20:G20) -> 0
B21: Total staffing costs | D21: =SUM(D12:D20) -> 0 | E21: =SUM(E12:E20) -> 0 | F21: =SUM(F12:F20) -> 0 | G21: =SUM(G12:G20) -> 0 | H21: =SUM(H12:H20) -> 0
B22: Investments based on depreciation and direct relation to project
B23: partner | C23: Description | D23: =D9 -> 2024 | E23: =E9 -> 2025 | F23: =F9 -> 2026 | G23: =G9 -> 2027
D24: 0 | E24: 0 | F24: 0 | G24: 0 | H24: =SUM(D24:G24) -> 0
H25: =SUM(D25:G25) -> 0
H26: =SUM(D26:G26) -> 0
B27: Total investment | D27: =SUM(D24:D26) -> 0 | E27: =SUM(E24:E26) -> 0 | F27: =SUM(F24:F26) -> 0 | G27: =SUM(G24:G26) -> 0 | H27: =SUM(H24:H26) -> 0
B28: Other costs
B29: Partner | C29: Description | D29: =D23 -> 2024 | E29: =E23 -> 2025 | F29: =F23 -> 2026 | G29: =G23 -> 2027
D30: 0 | E30: 0 | F30: 0 | G30: 0 | H30: =SUM(D30:G30) -> 0
H31: =SUM(D31:G31) -> 0
H32: =SUM(D32:G32) -> 0
H33: =SUM(D33:G33) -> 0
H34: =SUM(D34:G34) -> 0
H35: =SUM(D35:G35) -> 0
H36: =SUM(D36:G36) -> 0
H37: =SUM(D37:G37) -> 0
H38: =SUM(D38:G38) -> 0
H39: =SUM(D39:G39) -> 0
H40: =SUM(D40:G40) -> 0
H41: =SUM(D41:G41) -> 0
B42: Total other costs | D42: =SUM(D30:D41) -> 0 | E42: =SUM(E30:E41) -> 0 | F42: =SUM(F30:F41) -> 0 | G42: =SUM(G30:G41) -> 0 | H42: =SUM(H30:H41) -> 0
B44: Total costs | D44: =D21+D27+D42 -> 0 | E44: =E21+E27+E42 -> 0 | F44: =F21+F27+F42 -> 0 | G44: =G21+G27+G42 -> 0 | H44: =SUM(H21+H27+H42) -> 0

Sheet 3a in kind private partners
A1: Table 3a In-kind contribution private partners
A3: In-kind contributions should be broken down by year and by partner.
A4: The correct way of calculating the value of in-kind contributions is given in the call text (or an annex to the call text).
A6: Please fill in the years.
C8: Costs in € and EXCLUSIEF VAT
C9: ='summary of costs'!F6 -> 2024 | D9: ='summary of costs'!G6 -> 2025 | E9: ='summary of costs'!H6 -> 2026 | F9: ='summary of costs'!I6 -> 2027 | G9: Total
B10: Staff costs | C10: in k €
B11: partners | C11: Costs | D11: Costs | E11: Costs | F11: Costs
C12: 0 | D12: 0 | E12: 0 | F12: 0 | G12: =SUM(C12:F12) -> 0
C13: 0 | D13: 0 | E13: 0 | F13: 0 | G13: =SUM(C13:F13) -> 0
C14: 0 | D14: 0 | E14: 0 | F14: 0 | G14: =SUM(C14:F14) -> 0
C15: 0 | D15: 0 | E15: 0 | F15: 0 | G15: =SUM(C15:F15) -> 0
C16: 0 | D16: 0 | E16: 0 | F16: 0 | G16: =SUM(C16:F16) -> 0
C17: 0 | D17: 0 | E17: 0 | F17: 0 | G17: =SUM(C17:F17) -> 0
C18: 0 | D18: 0 | E18: 0 | F18: 0 | G18: =SUM(C18:F18) -> 0
C19: 0 | D19: 0 | E19: 0 | F19: 0 | G19: =SUM(C19:F19) -> 0
C20: 0 | D20: 0 | E20: 0 | F20: 0 | G20: =SUM(C20:F20) -> 0
B21: Total staff costs | C21: =SUM(C12:C20) -> 0 | D21: =SUM(D12:D20) -> 0 | E21: =SUM(E12:E20) -> 0 | F21: =SUM(F12:F20) -> 0 | G21: =SUM(G12:G20) -> 0
B22: ='2b costs other partners'!B22 -> Investments based on depreciation and direct relation to project
B23: Partner | C23: =C9 -> 2024 | D23: =D9 -> 2025 | E23: =E9 -> 2026 | F23: =F9 -> 2027
C24: 0 | D24: 0 | E24: 0 | F24: 0 | G24: =SUM(C24:F24) -> 0
G25: =SUM(C25:F25) -> 0
G26: =SUM(C26:F26) -> 0
B27: Total investments | C27: =SUM(C24:C26) -> 0 | D27: =SUM(D24:D26) -> 0 | E27: =SUM(E24:E26) -> 0 | F27: =SUM(F24:F26) -> 0 | G27: =SUM(G24:G26) -> 0
B29: Other costs
B30: partner 1 | C30: =C23 -> 2024 | D30: =D23 -> 2025 | E30: =E23 -> 2026 | F30: =F23 -> 2027
C31: 0 | D31: 0 | E31: 0 | F31: 0 | G31: =SUM(C31:F31) -> 0
D32: 0 | G32: =SUM(C32:F32) -> 0
G33: =SUM(C33:F33) -> 0
G34: =SUM(C34:F34) -> 0
G35: =SUM(C35:F35) -> 0
G36: =SUM(C36:F36) -> 0
G37: =SUM(C37:F37) -> 0
G38: =SUM(C38:F38) -> 0
G39: =SUM(C39:F39) -> 0
G40: =SUM(C40:F40) -> 0
G41: =SUM(C41:F41) -> 0
G42: =SUM(C42:F42) -> 0
B43: Total other costs | C43: =SUM(C31:C42) -> 0 | D43: =SUM(D31:D42) -> 0 | E43: =SUM(E31:E42) -> 0 | F43: =SUM(F31:F42) -> 0 | G43: =SUM(G31:G42) -> 0
B44: Total costs | C44: =C21+C27+C43 -> 0 | D44: =D21+D27+D43 -> 0 | E44: =E21+E27+E43 -> 0 | F44: =F21+F27+F43 -> 0 | G44: =G21+G27+G43 -> 0

Sheet 3b in kind reseacrh inst
A1: Table 3b In-kind contribution research institutes
A3: In-kind contributions should be broken down by year and by partner.
A4: The correct way of calculating the value of in-kind contributions is given in the text (or an annex to the call text).
A6: Please fill in the years.
C8: Costs in € and EXCLUSIEF VAT
C9: ='summary of costs'!F6 -> 2024 | D9: ='summary of costs'!G6 -> 2025 | E9: ='summary of costs'!H6 -> 2026 | F9: ='summary of costs'!I6 -> 2027 | G9: Totaal
B10: ='2a Costs research institutes'!B10 -> Staffing costs | C10: in k €
B11: ='2a Costs research institutes'!B11 -> Research institute | C11: Costs | D11: Costs | E11: Costs | F11: Costs
C12: 0 | D12: 0 | E12: 0 | F12: 0 | G12: =SUM(C12:F12) -> 0
C13: 0 | D13: 0 | E13: 0 | F13: 0 | G13: =SUM(C13:F13) -> 0
C14: 0 | D14: 0 | E14: 0 | F14: 0 | G14: =SUM(C14:F14) -> 0
C15: 0 | D15: 0 | E15: 0 | F15: 0 | G15: =SUM(C15:F15) -> 0
C16: 0 | D16: 0 | E16: 0 | F16: 0 | G16: =SUM(C16:F16) -> 0
C17: 0 | D17: 0 | E17: 0 | F17: 0 | G17: =SUM(C17:F17) -> 0
C18: 0 | D18: 0 | E18: 0 | F18: 0 | G18: =SUM(C18:F18) -> 0
C19: 0 | D19: 0 | E19: 0 | F19: 0 | G19: =SUM(C19:F19) -> 0
C20: 0 | D20: 0 | E20: 0 | F20: 0 | G20: =SUM(C20:F20) -> 0
B21: ='2a Costs research institutes'!B21 -> Total staff costs | C21: =SUM(C12:C20) -> 0 | D21: =SUM(D12:D20) -> 0 | E21: =SUM(E12:E20) -> 0 | F21: =SUM(F12:F20) -> 0 | G21: =SUM(G12:G20) -> 0
B22: ='2a Costs research institutes'!B22 -> Investments based on depreciation and direct relation to project
B23: ='2a Costs research institutes'!B23 -> Research institute | C23: =C9 -> 2024 | D23: =D9 -> 2025 | E23: =E9 -> 2026 | F23: =F9 -> 2027
C24: 0 | D24: 0 | E24: 0 | F24: 0 | G24: =SUM(C24:F24) -> 0
G25: =SUM(C25:F25) -> 0
G26: =SUM(C26:F26) -> 0
B27: ='2a Costs research institutes'!B27 -> Total investment | C27: =SUM(C24:C26) -> 0 | D27: =SUM(D24:D26) -> 0 | E27: =SUM(E24:E26) -> 0 | F27: =SUM(F24:F26) -> 0 | G27: =SUM(G24:G26) -> 0
B29: ='2a Costs research institutes'!B28 -> Other costs
B30: ='2a Costs research institutes'!B29 -> Research institute | C30: =C23 -> 2024 | D30: =D23 -> 2025 | E30: =E23 -> 2026 | F30: =F23 -> 2027
C31: 0 | D31: 0 | E31: 0 | G31: =SUM(C31:F31) -> 0
D32: 0 | G32: =SUM(C32:F32) -> 0
G33: =SUM(C33:F33) -> 0
G34: =SUM(C34:F34) -> 0
G35: =SUM(C35:F35) -> 0
G36: =SUM(C36:F36) -> 0
G37: =SUM(C37:F37) -> 0
G38: =SUM(C38:F38) -> 0
G39: =SUM(C39:F39) -> 0
G40: =SUM(C40:F40) -> 0
G41: =SUM(C41:F41) -> 0
G42: =SUM(C42:F42) -> 0
B43: Total other costs | C43: =SUM(C31:C42) -> 0 | D43: =SUM(D31:D42) -> 0 | E43: =SUM(E31:E42) -> 0 | F43: =SUM(F31:F42) -> 0 | G43: =SUM(G31:G42) -> 0
B44: Total costs | C44: =C21+C27+C43 -> 0 | D44: =D21+D27+D43 -> 0 | E44: =E21+E27+E43 -> 0 | F44: =F21+F27+F43 -> 0 | G44: =G21+G27+G43 -> 0

Sheet 3c private cash contribution
B1: Table 3c In cash contribution per private partner
B2: Please indicate in the table below which cash contributions are paid by which partners,
B3: as well as for which partner that contribution is intended.
B5: Name of partner contributing the cash | C5: Name of partner receiving the cash | D5: Value of cash contribution (€)
D6: ='[1]2a Costs research institutes'!F9 -> 2024 | E6: ='[1]2a Costs research institutes'!H9 -> 2025 | F6: 2025 | G6: ='[1]2a Costs research institutes'!L9 -> 2026 | H6: Total
D7: 0 | E7: 0 | F7: 0 | G7: 0 | H7: =SUM(D7:G7) -> 0
H8: =SUM(D8:G8) -> 0
H9: =SUM(D9:G9) -> 0
H10: =SUM(D10:G10) -> 0
H11: =SUM(D11:G11) -> 0
H12: =SUM(D12:G12) -> 0
B13: TOTAL excl. VAT | D13: =SUM(D7:D12) -> 0 | E13: =SUM(E7:E12) -> 0 | F13: =SUM(F7:F12) -> 0 | G13: =SUM(G7:G12) -> 0 | H13: =SUM(H7:H12) -> 0

Sheet 3d public cash contribution 
B1: Table 3d In cash contribution per public partner
B2: Please indicate in the table below which cash contributions are paid by which partners,
B3: as well as for which partner that contribution is intended.
B5: Name of partner contributing the cash | C5: Name of partner receiving the cash | D5: Value of cash contribution (€)
D6: ='[1]2a Costs research institutes'!F9 -> 2024 | E6: ='[1]2a Costs research institutes'!H9 -> 2025 | F6: 2025 | G6: ='[1]2a Costs research institutes'!L9 -> 2026 | H6: Total
D7: 0 | E7: 0 | G7: =SUM(D7:F7) -> 0 | H7: =SUM(D7:G7) -> 0
D8: 0 | G8: =SUM(D8:F8) -> 0 | H8: =SUM(D8:G8) -> 0
D9: 0 | G9: =SUM(D9:F9) -> 0 | H9: =SUM(D9:G9) -> 0
D10: 0 | G10: =SUM(D10:F10) -> 0 | H10: =SUM(D10:G10) -> 0
D11: 0 | G11: =SUM(D11:F11) -> 0 | H11: =SUM(D11:G11) -> 0
D12: 0 | G12: =SUM(D12:F12) -> 0 | H12: =SUM(D12:G12) -> 0
B13: TOTAL excl. VAT | D13: =SUM(D7:D12) -> 0 | E13: =SUM(E7:E12) -> 0 | F13: =SUM(F7:F12) -> 0 | G13: =SUM(G7:G12) -> 0 | H13: =SUM(H7:H12) -> 0

Sheet 3e public contribution requeste
B1: Table 3e Public contribution requested
B2: Please indicate in the table below the contribution you are requesting from which grant.
B4: WR capacity or TO2 contribution requested | C4: Recipient of the public contribution | D4: Value of cash contribution (€)
D5: ='2a Costs research institutes'!D9 -> 2024 | E5: ='2a Costs research institutes'!E9 -> 2025 | F5: ='2a Costs research institutes'!F9 -> 2026 | G5: ='summary of costs'!I6 -> 2027 | H5: Totaal
D6: 0 | E6: 0 | F6: 0 | H6: =SUM(D6:G6) -> 0
D7: 0 | G7: 0 | H7: =SUM(D7:G7) -> 0
H8: =SUM(D8:G8) -> 0
H9: =SUM(D9:G9) -> 0
H10: =SUM(D10:G10) -> 0
H11: =SUM(D11:G11) -> 0
B12: TOTAL (excl. VAT) | D12: =SUM(D6:D11) -> 0 | E12: =SUM(E6:E11) -> 0 | F12: =SUM(F6:F11) -> 0 | G12: =SUM(G6:G11) -> 0 | H12: =SUM(H6:H11) -> 0
B14: PPP grant requested | C14: Recipient of the public contribution | D14: Value of cash contribution (€)
D15: =D5 -> 2024 | E15: =E5 -> 2025 | F15: =F5 -> 2026 | G15: =G5 -> 2027 | H15: Totaal
D16: 0 | E16: 0 | F16: 0 | G16: 0 | H16: =SUM(D16:G16) -> 0
D17: 0 | G17: 0 | H17: =SUM(D17:G17) -> 0
H18: =SUM(D18:G18) -> 0
H19: =SUM(D19:G19) -> 0
H20: =SUM(D20:G20) -> 0
H21: =SUM(D21:G21) -> 0
B22: TOTAL (excl. VAT) | D22: =SUM(D16:D21) -> 0 | E22: =SUM(E16:E21) -> 0 | F22: =SUM(F16:F21) -> 0 | G22: =SUM(G16:G21) -> 0 | H22: =SUM(H16:H21) -> 0

Sheet explanation of cost categories
A1: Explanation of items Budget PPP grant
A4: General
A5: PPP grant can be obtained only for research in a private-public partnership.
A7: For more information, please visit: | D7: https://www.rvo.nl/subsidie-en-financieringswijzer/subsidiespelregels/ministeries/ministerie-van-economische-zaken-en-klimaat
A9: A1a Wage costs
A10: 1. Integrated cost system (Article 12 of the Framework Decision on National Grants from the Ministry of Economic Affairs)
A11: This method is particularly suitable for large organisations that regularly apply for grants from the Netherlands Enterprise Agency (RVO).
A12: The IKS method should be approved by the Netherlands Enterprise Agency.
A14: 2. Wage costs + 50% surcharge system, (Article 13 of the Framework Decision on National Grants from Ministry of Economic Affairs);
A15: The direct wage costs of project staff are increased by 50%.
A16: Direct costs consist of the costs directly attributable to the employee performing the research, such as gross salary, employer’s contributions, pension charges, bonuses (provided these are laid down in the employment contract), etc.
A18: The annual cost is divided by 1650 hours to obtain the hourly rate.
A19: 3. Fixed hourly rate of €60,00 (Article 14 of the Framework Decision on National Grants from Ministry of Economic Affairs).
A20: A fixed hourly rate of € 60.00 applies.
A21: Attention!
A22: A participant may use only one of the above methods!
... A71: The following costs are in any case not eligible for funding:
A72: l | B72: Auditor’s fees for drawing up the audit report.
A73: l | B73: Costs for administrative and other forms of project management, such as monitoring progress, drawing up contracts between cooperation parties, progress reports for the Netherlands Enterprise Agency, planning, budgeting, escalation to the steering committee, project control, project monitoring.
A75: l | B75: Costs of domestic travel costs
A76: l | B76: Costs for activities related to the dissemination of knowledge dissemination, as the dissemination of knowledge does not fit within the definition of research and development. In a number of TSE grant modules, insufficient dissemination of knowledge is nevertheless considered grounds for rejection or a reason for a lower score on the ranking criteria.
